Map: Ulrena

Players

LiquidSnute (Snute) - Winner!

  • Race: Zerg Zerg
  • League: Grandmaster

Lilbow

  • Race: Protoss Protoss
  • League: Grandmaster

Event: 2016 WCS Winter Challenger Europe

VOD

https://www.youtube.com/watch?v=tYf5xCf_Mco

Description

Time

  • Played on: Feb. 14, 2016, 11:04 a.m.
  • Length: 14:22

All games in this series

Show
View Real Time Build Order
Export as new Build Order

LiquidSnute Zerg - Winner!

Build Orders: Pool First 

Get SALT Encoding   

  12  0:00  Drone  
  13  0:12  Overlord  
  13  0:17  Drone  
  14  0:30  Drone  
  14  0:31  Drone  
  14  0:34  Drone  
  17  0:44  Spawning Pool  
  17  0:48  Drone  
  17  1:10  Hatchery  
  16  1:12  Drone  
  17  1:31  Zergling x2, Queen  
  17  1:32  Zergling x4  
  22  1:43  Overlord  
  22  1:57  Hatchery  
  22  2:00  Drone  
  22  2:10  Queen  
  22  2:13  Drone  
  25  2:16  Drone  
  26  2:23  Drone  
  27  2:31  Drone  
  27  2:32  Drone  
  28  2:38  Zergling x4  
  28  2:39  Zergling x4  
  28  2:43  Overlord  
  31  2:54  Overlord, Drone  
  32  3:02  Drone  
  32  3:04  Drone  
  34  3:09  Drone  
  34  3:10  Drone x2  
  34  3:11  Drone  
  34  3:12  Drone  
  39  3:17  Drone x3  
  39  3:18  Drone  
  43  3:21  Drone  
  43  3:26  Queen  
  45  3:37  Zergling x4  
  45  3:41  Spore Crawler  
  46  3:43  Extractor  
  46  3:44  Extractor  
  46  3:46  Spore Crawler  
  46  3:48  Zergling x8  
  46  3:51  Drone x2  
  46  3:54  Spore Crawler  
  44  3:58  Drone x4  
  44  4:00  Drone  
  49  4:05  Drone  
  49  4:08  Overlord  
  50  4:10  Drone  
  50  4:16  Overlord  
  51  4:17  Drone x3  
  51  4:21  Overlord  
  51  4:23  Drone  
  55  4:24  Drone  
  55  4:26  Drone  
  55  4:27  Drone  
  58  4:31  Zergling x4  
  58  4:32  Zergling x2  
  60  4:39  Zergling x2  
  60  4:44  Zergling x4  
  63  4:52  Zergling x6  
  62  5:03  Drone x6  
  62  5:04  Drone x4  
  62  5:06  Lair  
  69  5:11  Roach Warren  
  69  5:13  Drone x3  
  68  5:17  Extractor  
  68  5:18  Extractor  
  68  5:20  Drone, Extractor  
  66  5:21  Extractor, Queen  
  66  5:23  Metabolic Boost  
  69  5:29  Queen  
  69  5:32  Zergling x2  
  69  5:35  Zergling x4  
  74  5:41  Zergling x6  
  77  5:47  Zergling x6  
  75  5:51  Zergling x2  
  70  6:02  Zergling x2  
  70  6:03  Zergling x8  
  70  6:11  Roach x5  
  79  6:14  Roach  
  79  6:19  Roach  
  79  6:24  Overlord  
  81  6:26  Overlord  
  79  6:37  Extractor  
  79  6:38  Overlord x2, Extractor  
  77  6:43  Ravager x3  
  77  6:45  Zergling x8  
  77  6:46  Zergling x8  
  88  6:51  Ravager  
  88  6:52  Queen x2  
  88  6:54  Hatchery, Ravager  
  92  6:55  Zergling x2  
  92  6:56  Zergling x2  
  98  7:13  Ravager x2  
  98  7:14  Queen  
  102  7:18  Drone x2  
  102  7:22  Drone x3  
  103  7:23  Drone x2  
  103  7:24  Drone  
  103  7:28  Queen x2  
  112  7:30  Roach  
  112  7:33  Drone  
  113  7:40  Overlord x2  
  113  7:41  Overlord  
  113  7:55  Infestation Pit  
  113  7:57  Ravager  
  113  8:00  Roach x5  
  123  8:12  Roach x4  
  129  8:23  Roach x4  
  129  8:24  Ravager  
  129  8:25  Ravager x3  
  136  8:36  Ravager  
  126  8:44  Zergling x24  
  126  8:54  Zergling x6  
  126  8:55  Zergling x8  
  119  9:05  Ravager x6  
  119  9:13  Roach x6  
  128  9:19  Infestor x2  
  128  9:23  Overlord  
  132  9:26  Overseer  
  130  9:36  Ravager  
  130  9:37  Ravager x5  
  132  9:40  Roach  
  132  9:41  Roach  
  136  9:47  Roach x3  
  136  9:48  Overlord  
  143  10:00  Zergling x6  
  145  10:07  Zergling x10  
  145  10:08  Zergling x6  
  145  10:11  Overlord  
  153  10:25  Overlord  
  153  10:32  Zergling x16  
  160  10:45  Ravager  
  160  10:46  Ravager x2  
  156  11:01  Zergling x8  
  156  11:02  Zergling x18  
  124  11:12  Zergling x8  
  108  11:21  Roach x3  
  85  11:35  Roach x4  
  85  11:36  Ravager  
  93  11:40  Roach  
  93  11:41  Roach  
  93  11:42  Ravager x3  
  93  11:44  Hive  
  99  11:55  Roach x3  
  99  11:56  Ravager x4  
  109  12:04  Roach  
  109  12:05  Roach x2  
  115  12:10  Drone x2  
  115  12:11  Drone  
  118  12:19  Ravager x5  
  123  12:25  Hatchery  
  123  12:27  Ravager x3  
  121  12:45  Roach x5  
  121  12:46  Roach  
  133  12:56  Viper x4  
  148  13:00  Roach  
  148  13:01  Roach x5  
  157  13:06  Ravager  
  157  13:07  Ravager x4  
  162  13:13  Overlord  
  162  13:15  Evolution Chamber  
  162  13:18  Ravager  
  162  13:33  Roach x6  
  172  13:34  Ravager x3  
  173  13:52  Zergling x20  
Show
View Real Time Build Order
Export as new Build Order

Lilbow Protoss 

Build Orders: Oracle Opening 

Get SALT Encoding   

  12  0:00  Probe (Chrono Boost)  
  13  0:11  Probe (Chrono Boost)  
  14  0:17  Pylon  
  14  0:22  Probe (Chrono Boost)  
  15  0:36  Probe (Chrono Boost)  
  15  0:38  Gateway  
  16  0:46  Probe (Chrono Boost)  
  16  0:47  Assimilator  
  18  0:57  Probe (Chrono Boost)  
  18  1:07  Probe (Chrono Boost)  
  19  1:18  Probe (Chrono Boost)  
  20  1:25  Zealot, Cybernetics Core  
  22  1:28  Probe (Chrono Boost)  
  22  1:30  Pylon  
  23  1:33  Assimilator  
  23  1:48  Probe (Chrono Boost)  
  24  1:59  Probe (Chrono Boost)  
  25  2:01  Adept (Chrono Boost)  
  27  2:09  Nexus  
  27  2:12  Probe (Chrono Boost)  
  28  2:19  Warp Gate  
  28  2:27  Probe  
  31  2:44  Probe  
  31  2:45  Stargate  
  31  2:46  Pylon  
  30  2:57  Probe (Chrono Boost), Pylon  
  31  3:08  Probe (Chrono Boost)  
  32  3:19  Probe (Chrono Boost)  
  33  3:21  Gateway  
  33  3:23  Gateway  
  34  3:28  Mothership Core (Chrono Boost)  
  34  3:29  Oracle  
  36  3:35  Probe (Chrono Boost)  
  31  3:42  Pylon  
  31  3:46  Probe (Chrono Boost)  
  32  3:49  Probe (Chrono Boost)  
  33  3:57  Probe (Chrono Boost)  
  33  3:59  Probe (Chrono Boost)  
  35  4:07  Probe (Chrono Boost)  
  37  4:10  Probe (Chrono Boost)  
  37  4:18  Probe (Chrono Boost)  
  37  4:20  Probe (Chrono Boost)  
  37  4:22  Adept x2  
  37  4:23  Adept  
  45  4:28  Probe (Chrono Boost)  
  45  4:31  Probe (Chrono Boost)  
  47  4:35  Pylon  
  47  4:39  Probe (Chrono Boost)  
  47  4:41  Probe (Chrono Boost)  
  49  4:46  Adept x3  
  49  4:49  Probe (Chrono Boost)  
  49  4:52  Probe (Chrono Boost)  
  56  5:00  Probe (Chrono Boost)  
  56  5:02  Probe (Chrono Boost)  
  57  5:10  Probe (Chrono Boost)  
  57  5:13  Probe (Chrono Boost)  
  57  5:15  Adept x3  
  57  5:16  Pylon  
  57  5:20  Assimilator  
  57  5:21  Probe (Chrono Boost)  
  64  5:22  Assimilator  
  64  5:23  Probe (Chrono Boost)  
  65  5:36  Nexus  
  65  5:39  Pylon  
  65  5:46  Adept x3  
  65  5:49  Twilight Council  
  63  6:07  Probe (Chrono Boost), Forge  
  63  6:10  Stalker x3  
  68  6:17  Probe (Chrono Boost)  
  67  6:21  Probe (Chrono Boost), Gateway  
  67  6:24  Gateway  
  67  6:25  Protoss Ground Weapons Level 1  
  68  6:27  Probe (Chrono Boost)  
  69  6:34  Probe (Chrono Boost)  
  69  6:35  Stalker x3  
  69  6:38  Probe (Chrono Boost)  
  77  6:42  Blink (Chrono Boost)  
  77  6:44  Probe  
  78  6:47  Probe  
  78  6:49  Probe  
  80  6:57  Probe  
  80  6:58  Probe, Sentry  
  80  6:59  Stalker x2  
  88  7:01  Probe  
  89  7:09  Probe x2  
  89  7:13  Probe, Pylon  
  92  7:20  Stalker x2  
  96  7:23  Stalker x2  
  96  7:27  Pylon  
  100  7:31  Pylon  
  100  7:32  Probe  
  100  7:34  Probe x2  
  100  7:35  Assimilator  
  103  7:38  Robotics Facility  
  103  7:50  Stalker x2  
  103  7:51  Stalker x3  
  113  8:06  Probe x2  
  113  8:08  Pylon  
  113  8:09  Assimilator  
  113  8:11  Gateway  
  115  8:20  Stalker x2  
  115  8:21  Stalker x3  
  119  8:49  Stalker x2  
  119  8:50  Stalker x3  
  123  8:56  Protoss Ground Weapons Level 2  
  104  9:13  Stalker x6  
  104  9:15  Robotics Bay  
  114  9:19  Warp Prism (Chrono Boost)  
  114  9:20  Probe  
  114  9:21  Probe  
  118  9:37  Adept x2  
  118  9:38  Adept x2  
  124  9:39  Stalker x2  
  124  9:43  Pylon x2  
  124  9:45  Pylon  
  130  10:03  Pylon, Disruptor (Chrono Boost)  
  130  10:04  Pylon  
  130  10:05  Pylon  
  133  10:07  Stalker  
  133  10:08  Stalker x5  
  145  10:22  Robotics Facility  
  145  10:33  Pylon  
  145  10:34  Disruptor (Chrono Boost)  
  148  10:47  Stalker x6  
  137  11:05  Disruptor (Chrono Boost)  
  125  11:12  Adept x4  
  97  11:26  Probe x2  
  97  11:32  Pylon  
  93  11:33  Probe  
  93  11:36  Disruptor (Chrono Boost)  
  93  11:38  Probe, Pylon, Adept x4  
  106  11:41  Probe  
  106  11:45  Nexus  
  107  11:53  Resonating Glaives  
  107  12:02  Adept  
  107  12:03  Adept x5  
  107  12:07  Disruptor (Chrono Boost)  
  122  12:12  Pylon  
  122  12:13  Pylon  
  122  12:24  Adept x5  
  122  12:25  Adept  
  134  12:39  Observer (Chrono Boost)  
  134  12:40  Photon Cannon  
  134  12:43  Photon Cannon  
  135  12:45  Sentry  
  135  12:47  Sentry  
  135  12:49  Stalker x2  
  143  12:57  Stalker  
  145  12:59  Stalker  
  145  13:04  Assimilator  
  147  13:10  Adept x2  
  151  13:20  Stalker x2  
  151  13:21  Stalker  
  157  13:31  Stalker x3  
  161  13:56  Adept x6  
Tags
 
Add a new tag
Caveats
  • Supply blocks, unpowered buildings, or Contaminate may cause inaccurate times.
  • Supply counts are checked every 10 seconds.